 Dungeon Crawl Stone Soup version 0.30-a0-292-g0f741e3f8e (webtiles) character file.

Game seed: 9387868364486882434

2523 hikkokomori the Fighter (level 9, 0/90 HPs)
             Began as a Gargoyle Berserker on Oct 18, 2022.
             Was an Elder of Trog.
             Slain by a two-headed ogre
             ... wielding a +0 giant club
              (11 damage)
             ... on level 8 of the Dungeon.
             The game lasted 00:12:32 (6377 turns).

hikkokomori the Fighter (Gargoyle Berserker)        Turns: 6377, Time: 00:12:33

Health: 0/90       AC: 15    Str: 22    XL:     9   Next: 54%
Magic:  9/9        EV: 11    Int:  9    God:    Trog [****..]
Gold:   250        SH:  0    Dex: 11    Spells: 8/8 levels left

rFire   . . .      SeeInvis .    t - +0 war axe
rCold   . . .      Faith    .    (no shield)
rNeg    + . .      Spirit   .    q - +0 scale mail
rPois   ∞          Reflect  .    r - +0 hat
rElec   +          Harm     .    (no cloak)
rCorr   .          Rampage  .    (no gloves)
Will    .....                    c - +0 pair of boots
Stlth   ..........               (no amulet)
HPRegen 0.35/turn                (no ring)
MPRegen 0.11/turn                (no ring)

@: berserking, very quick
A: sickness immunity, AC +6, negative energy resistance 1, electricity
resistance, torment resistance 1, petrification resistance
a: Renounce Religion, Berserk, Trog's Hand, Brothers in Arms


You were on level 8 of the Dungeon.
You worshipped Trog.
Trog was greatly pleased with you.
You visited 1 branch of the dungeon, and saw 8 of its levels.
You also visited: Sewer.

You collected 305 gold pieces.
You spent 55 gold pieces at shops.

Inventory:

Hand Weapons
 a - a +0 hand axe
 p - a +0 whip
 t - a +0 war axe (weapon)
 F - a +5 antimagic flail
Missiles
 g - 25 poisoned darts (quivered)
 o - 6 atropa-tipped darts
Armour
 b - a +0 animal skin
 c - a +0 pair of boots (worn)
 q - a +0 scale mail (worn)
 r - a +0 hat (worn)
 s - a +0 pair of boots
 G - a +0 chain mail
Jewellery
 L - a ring of magical power
Wands
 n - a wand of paralysis (1)
 w - a wand of roots (3)
Scrolls
 d - 6 scrolls of teleportation
 f - 4 scrolls of magic mapping
 i - 2 scrolls of noise {unknown}
 v - 2 scrolls of fog {unknown}
 y - 2 scrolls of immolation {unknown}
 z - a scroll of blinking {unknown}
 I - a scroll of silence {unknown}
 J - 2 scrolls of identify
 K - a scroll of amnesia {unknown}
Potions
 e - 2 potions of brilliance
 h - a potion of attraction {unknown}
 j - 4 potions of curing
 k - a potion of ambrosia {unknown}
 l - 3 potions of heal wounds
 m - 5 potions of flight
 u - a potion of might {unknown}
 x - a potion of resistance
 A - 4 potions of magic {unknown}
 B - a potion of cancellation {unknown}
 C - a potion of mutation {unknown}
 D - a potion of degeneration {unknown}
 E - a potion of lignification {unknown}
 H - a potion of berserk rage {unknown}


   Skills:
 * Level 8.6 Fighting
 * Level 7.2 Axes
 + Level 6.0 Armour
 + Level 4.5 Dodging


You had 8 spell levels left.
You didn't know any spells.
Your spell library was empty.

Dungeon Overview and Level Annotations

Branches:
Dungeon (7/15)             Temple (0/1) D:6            Lair (0/5) D:8
  Sewer (visited)

Altars:
Fedhas
Uskayaw

Shops:
D:3 ?


Innate Abilities, Weirdness & Mutations

You are immune to sickness and miasma.
Your stone body is resilient. (AC +6)
You are immune to poison.
You resist negative energy. (rN+)
You are resistant to electric shocks. (rElec)
You are resistant to unholy torment.
You are immune to petrification.


Message History

The two-headed ogre is moderately wounded.
You slash the yak! You hit the yak. The yak misses you. The yak gores you.
Unknown command.
You barely miss the two-headed ogre.
The two-headed ogre is moderately wounded.
You hit the yak. You slash the yak!
You kill the yak!
Trog accepts your kill.
You can now call in reinforcements.
You slash the yak!
The two-headed ogre hits you with a +0 giant club!!
The two-headed ogre hits you but does no damage.
The yak gores you. The yak gores you!
Your Armour skill increases to level 6!
You slash the two-headed ogre!
The two-headed ogre is severely wounded.
You barely miss the yak. You slash the yak!
Unknown command.
You hit the two-headed ogre.
The two-headed ogre is severely wounded.
You hit the yak. You slash the yak! The yak gores you but does no damage.
The two-headed ogre barely misses you. The two-headed ogre closely misses you.
The yak gores you!
* * * LOW HITPOINT WARNING * * *
Unknown command.
You barely miss the two-headed ogre.
The two-headed ogre is severely wounded.
You hit the yak. You barely miss the yak. The yak gores you.
* * * LOW HITPOINT WARNING * * *
The yak gores you.
* * * LOW HITPOINT WARNING * * *
Unknown command.
Unknown command.
You barely miss the two-headed ogre.
The two-headed ogre is severely wounded.
You slash the yak!
You kill the yak!
Trog accepts your kill.
You slash the yak!
The two-headed ogre hits you with a +0 giant club!
You die...

.... . ....# .# .. ..##
..... ...# ....... ...
.. #....### .#..... ..#
#. .......###....>.. #.#
#. #..........#..... #.#
#.##.##............. ..#
#..#.##.# #.)).....#
..####......###.@O.....#
#..#..........#..Y..>..#
#..........##..........#
..#####....###.........#
### ####.# ##.........
#.# #........# . #..
.........# ####
##........ ..#...#..


You could see a two-headed ogre and a yak.

Vanquished Creatures
  Pikel (D:7)
  2 yaks (D:8)
  Eustachio (D:6)
  Edmund (D:5)
  Duvessa (D:6)
  2 water moccasins
  A black bear (D:6)
  An orc warrior (D:8)
  An ice beast (D:6)
  2 centaurs (D:5)
  2 lemures (D:7)
  A phantom (D:6)
  A kobold brigand (Sewer)
  A necrophage (D:6)
  A bullfrog (D:8)
  A scorpion (D:5)
  Dowan (D:6)
  2 hounds (D:6)
  2 jellies
  3 orc priests
  An iguana (D:5)
  An orc wizard (D:5)
  8 gnolls
  8 adders
  A white imp (D:6)
  3 worms
  A dart slug (D:1)
  22 orcs
  10 ball pythons
  10 bats
  9 endoplasms
  5 giant cockroaches
  2 goblins (D:4)
  4 hobgoblins
  8 jackals
  24 kobolds
  2 quokkas
  3 frilled lizards
  4 rats
154 creatures vanquished.

Vanquished Creatures (others)
  3 plants (Sewer)
3 creatures vanquished.

Grand Total: 157 creatures vanquished

Notes
Turn   | Place    | Note
-------+----------+-------------------------------------------
     0 | D:1      | hikkokomori the Gargoyle Berserker began the quest for the
                  | Orb.
     0 | D:1      | Reached XP level 1. HP: 14/14 MP: 1/1
   116 | D:1      | Reached XP level 2. HP: 19/19 MP: 2/2
   451 | D:1      | Reached XP level 3. HP: 23/23 MP: 3/3
  1041 | D:2      | Found a hide-covered altar of Uskayaw.
  1640 | D:3      | Reached ** piety under Trog
  1641 | D:3      | Reached XP level 4. HP: 21/29 MP: 4/4
  1658 | D:3      | Reached skill level 4 in Fighting
  1802 | D:3      | Found Veplaqin's Magic Scroll Shoppe.
  1810 | D:3      | Bought a scroll of identify for 22 gold pieces
  1810 | D:3      | Bought a scroll of teleportation for 33 gold pieces
  2121 | D:3      | Reached XP level 5. HP: 34/34 MP: 5/5
  2927 | D:4      | Reached XP level 6. HP: 40/40 MP: 6/6
  3299 | D:5      | Entered Level 5 of the Dungeon
  3336 | D:5      | Reached skill level 5 in Fighting
  3445 | D:5      | Found a glowing drain.
  3460 | Sewer    | Entered a sewer
  3594 | Sewer    | Reached *** piety under Trog
  3823 | D:5      | Reached XP level 7. HP: 37/44 MP: 7/7
  3861 | D:5      | Found a blossoming altar of Fedhas.
  4751 | D:6      | Noticed Edmund
  4751 | D:6      | Noticed Eustachio
  4776 | D:5      | Killed Edmund
  4777 | D:5      | Reached skill level 6 in Fighting
  4777 | D:5      | Reached skill level 5 in Axes
  4929 | D:6      | Killed Eustachio
  4930 | D:6      | Reached XP level 8. HP: 52/52 MP: 2/8
  5297 | D:6      | Noticed Duvessa
  5297 | D:6      | Noticed Dowan
  5307 | D:6      | Reached skill level 7 in Fighting
  5431 | D:6      | Reached skill level 5 in Armour
  5591 | D:6      | Killed Duvessa
  5752 | D:6      | Killed Dowan
  5844 | D:6      | Reached XP level 9. HP: 58/58 MP: 9/9
  5905 | D:6      | Found a staircase to the Ecumenical Temple.
  6089 | D:7      | Noticed Pikel
  6101 | D:7      | Killed Pikel
  6102 | D:7      | Reached skill level 8 in Fighting
  6104 | D:7      | You fall into a shaft and drop 1 floor!
  6361 | D:8      | Found a staircase to the Lair.
  6364 | D:8      | Noticed a two-headed ogre
  6373 | D:8      | Reached **** piety under Trog
  6377 | D:8      | Slain by a two-headed ogre

Illustrated notes

Levels and vault maps discovered:
D:1:      dpeg_arrival_solitude, layout_basic, roderic_lattice_a
D:2:      layout_basic, basic_altar, minmay_misc_feat_five
D:3:      layout_loops_ring, serial_shops, nicolae_square_shop,
          chequers_serial_rivers_large_b
D:4:      layout_basic, hex_large
D:5:      layout_rooms, fedhas_bush_and_centaur_altar,
          cheibrodos_sewer_entry_bend, minmay_misc_feat_iff
D:6:      layout_cave_pools, minmay_temple_entry_antechambers, uniq_duvessa,
          uniq_edmund, uniq_eustachio
D:7:      layout_gridville, mainiacjoe_overflow_alcove_3,
          kennysheep_another_room, hellmonk_guarded_unrand_lears, uniq_pikel
D:8:      layout_rooms, lair_entry_dummy

Skill      XL: |  1  2  3  4  5  6  7  8  9 |
---------------+----------------------------+-----
Axes           | 3 4 5 6 7 |  7.2
Dodging        | 2 3 4 |  4.5
Fighting       | 4 5 6 7 8 |  8.6
Armour         | 3 4 5 6 |  6.0

Action                   |  1- 3 |  4- 6 |  7- 9 || total
-------------------------+-------+-------+-------++-------
Melee: Hand axe          |   111 |    87 |       ||   198
       Punch             |     1 |     2 |     5 ||     8
       War axe           |       |   130 |   206 ||   336
       Flail             |       |       |    14 ||    14
Throw: Dart              |       |     1 |     4 ||     5
       Boomerang         |       |       |     2 ||     2
Invok: Berserk           |       |     4 |     7 ||    11
Evoke: Wand              |       |     1 |     5 ||     6
  Use: Scroll            |       |     3 |     6 ||     9
       Potion            |       |       |     1 ||     1
 Stab: Sleeping          |     1 |       |       ||     1
       Paralysed         |       |     2 |       ||     2
Armor: Animal skin       |    46 |     9 |       ||    55
       Scale mail        |       |   141 |   149 ||   290
Dodge: Dodged            |    70 |   162 |   166 ||   398

Table legend: (Time is in decaauts)
 A = Elapsed time spent in this place.
 B = Non-inter-level travel time spent in this place.
 C = Inter-level travel time spent in this place.
 D = Time resting spent in this place.
 E = Time spent auto-exploring this place.
 F = Levels seen in this place.
 G = Mean time per level.
                   A        B        C        D        E       F      G
               +--------+--------+--------+--------+--------+-----+--------+
         Total |   6615 |   6382 |    233 |    842 |   4199 |   9 |  735.0 |
       Dungeon |   6264 |   6031 |    233 |    842 |   3990 |   8 |  783.0 |
         Sewer |    351 |    351 |      0 |      0 |    209 |   1 |  351.0 |
               +--------+--------+--------+--------+--------+-----+--------+

Top non-repeatable levels by time:
     D:5: 1333 daAuts
     D:6: 1201 daAuts
     D:3: 1058 daAuts
     D:1: 839 daAuts
     D:2: 777 daAuts
     D:4: 707 daAuts
   Sewer: 351 daAuts
     D:8: 287 daAuts
     D:7: 57 daAuts
